 Dungeon Crawl Stone Soup version 0.18-a0-23-g19353e1 (webtiles) character file.

23 Raultor the Grave Robber (level 2, -3/19 HPs)
             Began as a Vampire Necromancer on Nov 2, 2015.
             Slain by a hobgoblin
             ... wielding a +0 club
              (4 damage)
             ... on level 2 of the Dungeon.
             The game lasted 00:03:29 (915 turns).

Raultor the Grave Robber (Vampire Necromancer)       Turns: 915, Time: 00:03:30

Health: -3/19      AC:  2    Str:  7    XL:     2   Next: 75%
Magic:  5/5        EV: 12    Int: 17    God:
Gold:   81         SH:  0    Dex: 14    Spells: 2 memorised, 3 levels left

rFire  . . .     SeeInvis +     e - +0 spear
rCold  . . .     Clarity  .     a - +0 robe
rNeg   + . .     SustAt   .     (no shield)
rPois  .         Gourm    .     (no helmet)
rElec  .         Spirit   .     (no cloak)
rCorr  .         Warding  .     (no gloves)
rMut   .         Stasis   .     (no boots)
MR     .....                    (no amulet)
Stlth  ++........               (no ring)
                                (no ring)

@: not resistant to hostile enchantments, unstealthy
A: fangs 3, see invisible, unbreathing
a: no special abilities


You were on level 2 of the Dungeon.
You were not thirsty.

You visited 1 branch of the dungeon, and saw 2 of its levels.

You collected 81 gold pieces.

Inventory:

Hand Weapons
 e - a +0 spear (weapon)
Armour
 a - a +0 robe (worn)
Jewellery
 m - an uncursed ring of fire {unknown}
Scrolls
 d - 3 scrolls of teleportation {unknown}
 f - 2 scrolls of magic mapping {unknown}
 h - a scroll of immolation {unknown}
 i - a scroll of noise {unknown}
 j - 6 scrolls of identify {unknown}
Potions
 c - 3 potions of blood
 g - a potion of degeneration {unknown}
 k - a potion of might {unknown}
 l - a potion of agility {unknown}
Books
 b - a book of Necromancy

   Spells                             Type                      Level
   a - Pain                           Necromancy                   1
   b - Animate Skeleton               Necromancy                   1
   c - Vampiric Draining              Necromancy                   3
   d - Regeneration                   Charms/Necromancy            3
   e - Animate Dead                   Necromancy                   4
   f - Control Undead                 Necromancy                   4


   Skills:
 - Level 2.1 Dodging
 - Level 3.0 Stealth
 + Level 2.1 Spellcasting
 + Level 5.2 Necromancy


You had 3 spell levels left.
You knew the following spells:

 Your Spells              Type           Power        Failure   Level  Hunger
a - Pain                  Necr           ###.         2%          1    #......
b - Animate Skeleton      Necr           N/A          2%          1    #......


Dungeon Overview and Level Annotations

Branches:
Dungeon (2/15)

Altars:


Innate Abilities, Weirdness & Mutations

You have razor-sharp teeth.
You have supernaturally acute eyesight.
You can survive without breathing.


Message History

The hobgoblin is heavily wounded.
The hobgoblin drinks a potion.
The hobgoblin is healed!
You barely miss the hobgoblin. The hobgoblin barely misses you.
You hit the hobgoblin.
The hobgoblin is lightly wounded.
The hobgoblin closely misses you.
You barely miss the hobgoblin.
The hobgoblin is lightly wounded.
The hobgoblin barely misses you.
You hit the hobgoblin but do no damage.
The hobgoblin is lightly wounded.
The hobgoblin misses you.
You closely miss the hobgoblin.
You bite the hobgoblin, but do no damage.
The hobgoblin is lightly wounded.
The hobgoblin closely misses you.
You closely miss the hobgoblin.
The hobgoblin is lightly wounded.
The hobgoblin hits you with a club.
You die...

........<.#######
.###....### ...##.#####
##### ##........######
#.....
.########......###......
.# ######.......... .##
#####.##..... ..##
#.....##..... ...##
###...?@.......
....####........g.######
#...........##..)##
..).......?.......#
........#..........#
.....................
.....#......##########
.>...# ..... ....... ...


You could see a hobgoblin.

Vanquished Creatures
  A giant gecko (D:1)
  4 bats (D:1)
  3 giant cockroaches
  2 hobgoblins
  2 giant newts (D:1)
  2 goblins (D:2)
  4 kobolds
  4 rats
22 creatures vanquished.

Notes
Turn   | Place    | Note
--------------------------------------------------------------
     0 | D:1      | Raultor the Vampire Necromancer began the quest for the Orb.
     0 | D:1      | Reached XP level 1. HP: 13/13 MP: 3/3
   339 | D:1      | Reached XP level 2. HP: 14/19 MP: 5/5
   381 | D:1      | Learned a level 1 spell: Animate Skeleton
   529 | D:1      | Reached skill level 5 in Necromancy
   915 | D:2      | Slain by a hobgoblin

Vault maps used:
D:1:      minmay_arrival_radiant_lines

Action                   || total
-------------------------++-------
Melee: Spear             ||    90
 Stab: Sleeping          ||    10
  Eat: Corpse            ||     4
